 Dungeon Crawl Stone Soup version 0.29.1-15-g9cfb28693d (webtiles) character file.

Game seed: 251603112947657177

106 leafyfresh the Sneak (level 4, -1/33 HPs)
             Began as an Octopode Delver on Apr 18, 2023.
             Slain by a phantom (7 damage)
             ... on level 5 of the Dungeon.
             The game lasted 00:01:15 (140 turns).

leafyfresh the Sneak (Octopode Delver)               Turns: 140, Time: 00:01:16

Health: -1/33      AC:  1    Str: 11    XL:     4   Next: 84%
Magic:  4/4        EV: 14    Int: 12    God:
Gold:   0          SH:  0    Dex: 15    Spells: 3/3 levels left

rFire   . . .      SeeInvis .   g - +8 dagger of Big Damage {elec, rN+ Stlth+}
rCold   . . .      Faith    .   (no shield)
rNeg    + . .      Spirit   .   (helmet restricted)
rPois   .          Reflect  .   (no amulet)
rElec   .          Harm     .   (no ring)
rCorr   .          Rampage  .   (no ring)
Will    .....                   (no ring)
Stlth   ++++++....              (no ring)
HPRegen 0.11/turn               (no ring)
MPRegen 0.09/turn               (no ring)
                                (no ring)
                                (no ring)

@: no status effects
A: almost no armour, amphibious, 8 rings, camouflage 1, gelatinous body 1,
(nimble swimmer 1), tentacles
a: no special abilities


You were on level 5 of the Dungeon.
You visited 1 branch of the dungeon, and saw 1 of its levels.

Inventory:

Hand Weapons
 a - a +0 short sword
 g - the +8 dagger of Big Damage (weapon) {elec, rN+ Stlth+}
   (You found it on level 5 of the Dungeon)

   It occasionally discharges a powerful burst of electricity upon striking a
   foe.
   rN:        It protects you from negative energy.
   Stlth:     It makes you more stealthy.
Wands
 f - a wand of digging (2)
Scrolls
 b - a scroll of fog
 c - a scroll of magic mapping
Potions
 e - a potion of haste


   Skills:
 + Level 3.9 Fighting
 - Level 2.2 Short Blades
 + Level 3.1 Dodging
 + Level 7.5 Stealth


You had 3 spell levels left.
You didn't know any spells.
Your spell library was empty.

Dungeon Overview and Level Annotations

Branches:
Dungeon (5/15)
 Temple: D:4-7

Altars:

Annotations:
D:5 1 runed translucent door, Crazy Yiuf


Innate Abilities, Weirdness & Mutations

You cannot wear most types of armour.
You are amphibious.
You can wear up to eight rings at the same time.
Your skin changes colour to match your surroundings (Stealth+).
Your rubbery body absorbs attacks. (AC +1, EV +1)
((You are camouflaged when in or above water. (Stealth+)))
You have tentacles for arms and can constrict up to eight enemies at once.


Message History

The adder bites you.
You are poisoned.
The adder poisons you!
You puncture the adder!
You kill the adder!
You feel sick.
Your Dodging skill increases to level 3!
No target in view!
You start resting.
You feel sick.
A scorpion comes into view.
A phantom comes into view.
There are monsters nearby!
There are monsters nearby!
As you read the scroll of fear, it crumbles to dust.
You assume a fearsome visage.
The phantom is unaffected.
The scorpion looks frightened!
You feel sick.
Aiming: Dig
Press: ? - help, Shift-Dir - straight line A rock wall.
The rock shatters into small pieces.
You feel sick.
Unknown command.
You feel sick.
You are no longer poisoned.
An iguana comes into view.
Found a stone staircase leading up.
The iguana hisses angrily.
You hit the iguana. Lightning courses through the iguana!
You kill the iguana!
There is a stone staircase leading up, spattered with blood here.
You see here an iguana corpse.
You hit the phantom.
The phantom is lightly damaged.
You hit the phantom.
The phantom is moderately damaged.
The phantom hits you!
* * * LOW HITPOINT WARNING * * *
The phantom blinks!
You blink.
You hit the phantom but do no damage. Lightning courses through the phantom!
The phantom is almost destroyed.
The phantom hits you!
You die...

### ## ##.##### #.
......# #. #.###.##
##.####.##..@####
#.###...##....ยงยง.W..#
......#.....##...##...#
#.# #...###.###.## #.#
#.####...#...#...# #
...##..#...#.#.#...
...##...###..#. ###.
...##.s.# ..... #
.......F# .....+


You could see a phantom.

Vanquished Creatures
  A bullfrog (D:5)
  An iguana (D:5)
  2 adders (D:5)
  A quokka (D:5)
5 creatures vanquished.

Notes
Turn   | Place    | Note
-------+----------+-------------------------------------------
     0 | D:5      | leafyfresh the Octopode Delver began the quest for the Orb.
     0 | D:5      | Reached XP level 1. HP: 16/16 MP: 1/1
    27 | D:5      | Found a runed translucent door.
    28 | D:5      | Noticed Crazy Yiuf
    53 | D:5      | Reached XP level 2. HP: 21/21 MP: 2/2
    96 | D:5      | Noticed a scorpion
    97 | D:5      | Noticed a scorpion
   100 | D:5      | Noticed a bullfrog
   107 | D:5      | Identified the +8 dagger of Big Damage {elec, rN+ Stlth+}
   111 | D:5      | Killed a bullfrog
   112 | D:5      | Reached skill level 7 in Stealth
   112 | D:5      | Reached XP level 3. HP: 15/27 MP: 3/3
   112 | D:5      | Reached XP level 4. HP: 18/33 MP: 4/4
   127 | D:5      | Noticed a scorpion
   127 | D:5      | Noticed a phantom
   140 | D:5      | Slain by a phantom

Illustrated notes

Levels and vault maps discovered:
D:5:      layout_loops_ring, nemelex_spade_bored_becter,
          mainiacjoe_overflow_brackets, cheibrodos_sewer_entry_bend,
          minmay_fractal_squares_diagonal_5, uniq_crazy_yiuf_cottage

Skill      XL: |  1  2  3  4 |
---------------+-------------+-----
Stealth        | 7 |  7.5
Dodging        | 3 |  3.1
Fighting       | |  3.9
Short Blades   | |  2.2

Action                   |  1- 3 |  4- 6 || total
-------------------------+-------+-------++-------
Melee: Short sword       |     2 |       ||     2
       Dagger            |     2 |     6 ||     8
       Constrict         |     1 |     1 ||     2
       Tentacles         |     1 |       ||     1
Evoke: Wand              |       |     1 ||     1
  Use: Scroll            |       |     1 ||     1
 Stab: Sleeping          |     2 |       ||     2
Dodge: Dodged            |       |     1 ||     1
